 Dungeon Crawl Stone Soup version 0.25.1-2-g60ff931df9 (webtiles) character file.

Game seed: 9120847527668317258

149 DildoBatman the Conjurer (level 5, -1/35 HPs)
             Began as a Formicid Wizard on Aug 5, 2020.
             Slain by an orc
             ... wielding a +1 short sword of flaming
              (3 damage)
             ... on level 2 of the Dungeon.
             The game lasted 00:04:37 (1927 turns).

DildoBatman the Conjurer (Formicid Wizard)          Turns: 1927, Time: 00:04:37

Health: -1/35      AC:  2    Str: 11    XL:     5   Next: 56%
Magic:  4/9        EV: 12    Int: 19    God:
Gold:   125        SH:  0    Dex:  9    Spells: 3/10 levels left

rFire    . . .     SeeInvis +   a - +0 falchion
rCold    . . .     Gourm    .   (no shield)
rNeg     . . .     Faith    .   p - +0 robe
rPois    .         Spirit   .   (helmet unavailable)
rElec    .         Reflect  .   (no cloak)
rCorr    .         Harm     .   (no gloves)
MR       .....                  (no boots)
Stlth    ++........             (no amulet)
HPRegen  0.11/turn              (no ring)
MPRegen  0.11/turn              (no ring)

@: no status effects
A: permanent stasis, dig shafts and tunnels, four strong arms, antennae 3
a: Dig, Shaft Self


You were on level 2 of the Dungeon.
You were not hungry.

You visited 1 branch of the dungeon, and saw 3 of its levels.

You collected 125 gold pieces.

Inventory:

Hand Weapons
 a - a +0 falchion (weapon)
 b - a +0 trident
 c - a +0 hunting sling
 u - a +1 trident of flaming
Missiles
 d - 67 stones (quivered)
 i - 33 bolts
 r - 14 arrows
 s - 20 sling bullets
Armour
 p - a +0 robe (worn)
Scrolls
 f - 4 scrolls of identify {unknown}
 g - a scroll of fog {unknown}
 k - 2 scrolls of teleportation {unknown}
 l - a scroll of remove curse {unknown}
 n - a scroll of immolation {unknown}
 o - a scroll of enchant armour {unknown}
 q - a scroll of amnesia {unknown}
Potions
 e - a potion of haste {unknown}
 h - a potion of resistance {unknown}
 j - a potion of curing {unknown}
 t - a potion of invisibility {unknown}
Comestibles
 m - 5 chunks of flesh
 v - 5 rations


   Skills:
 - Level 1.7 Dodging
 - Level 2.4 Stealth
 - Level 3.2 Spellcasting
 * Level 4.5 Conjurations
   Level 1.0 Summonings
   Level 0.8 Translocations


You had 3 spell levels left.
You knew the following spells:

 Your Spells              Type           Power        Failure   Level  Hunger
a - Conjure Flame         Conj/Fire      ##......     17%         3    ###....
c - Magic Dart            Conj           ###.         2%          1    None
e - Mephitic Cloud        Conj/Pois/Air  #.......     24%         3    ###....

Your spell library contained the following spells:

 Spells                   Type           Power        Failure   Level  Hunger
 Call Imp                 Summ           #.......     16%         2    ##.....
 Slow                     Hex            #.......     22%         2    ##.....
 Blink                    Tloc           Unusable     N/A         2    N/A

Dungeon Overview and Level Annotations

Branches:
Dungeon (3/15)

Altars:


Innate Abilities, Weirdness & Mutations

You cannot be hasted, slowed, berserked, paralysed or teleported.
You can dig through walls and to a lower floor.
Your four strong arms can wield two-handed weapons with a shield.
You have a pair of large antennae on your head. (SInv)


Message History

Press: ? - help, Shift-Dir - straight line, f/p - orc
Aim: an orc, wielding a +1 short sword of flaming and wearing a +0 leather armour The magic dart hits the orc but does no damage.
The orc hits you.
The orc hits you with a +1 short sword of flaming.
The orc burns you. The orc closely misses you.
You climb upwards.
There is a stone staircase leading down here.
The orc hits you with a +1 short sword of flaming!
The orc burns you. The orc completely misses you.
You riposte.
You hit the orc but do no damage.
The orc is heavily wounded.
The orc hits you with a +1 short sword of flaming.
The orc burns you.
The orc hits you with a +1 short sword of flaming!
The orc burns you.
You die...

##...#.....#
#........#..
#########...........
#......##.####.....#
#......##.# #......
#.........# #.....#
#.........# #....##
#......#### #....#
#..@...# ###..#
#..oo..# #..#
#......# ####
#>.....# ########


You could see 2 orcs.

Vanquished Creatures
  A water moccasin zombie (D:2)
  An orc priest (D:3)
  2 adders (D:2)
  2 worms (D:2)
  3 dart slugs
  2 leopard geckos (D:1)
  An orc (D:3)
  A ball python (D:2)
  3 bats
  A giant cockroach (D:2)
  2 goblins
  7 hobgoblins
  4 kobolds
  3 rats (D:1)
33 creatures vanquished.

Notes
Turn   | Place    | Note
-------+----------+-------------------------------------------
     0 | D:1      | DildoBatman the Formicid Wizard began the quest for the
                  | Orb.
     0 | D:1      | Reached XP level 1. HP: 13/13 MP: 4/4
    14 | D:1      | Reached skill level 1 in Conjurations
   327 | D:1      | Reached XP level 2. HP: 19/19 MP: 3/6
   423 | D:1      | Reached skill level 2 in Conjurations
   981 | D:2      | Reached XP level 3. HP: 24/24 MP: 0/7
  1121 | D:1      | Learned a level 3 spell: Conjure Flame
  1125 | D:1      | Learned a level 3 spell: Mephitic Cloud
  1131 | D:2      | Reached skill level 3 in Conjurations
  1131 | D:2      | Reached XP level 4. HP: 5/30 MP: 4/8
  1399 | D:2      | Reached skill level 4 in Conjurations
  1399 | D:2      | Reached XP level 5. HP: 28/35 MP: 1/9
  1721 | D:2      | You fall into a shaft and drop 1 floor!
  1927 | D:2      | Slain by an orc

Illustrated notes

Levels and vault maps discovered:
D:1:      dpeg_arrival_fog, layout_loops_cross, serial_bayou_ford_a
D:2:      layout_rooms
D:3:      layout_basic, evilmike_ruin_ashenzari,
          chequers_temple_overflow_minitemple, first_ration, uniq_grinder

Skill      XL: |  1  2  3  4 |
---------------+-------------+-----
Conjurations   | 1 2 3 4 |  4.5
Dodging        | |  1.7
Stealth        | |  2.4
Spellcasting   | |  3.2
Summonings     | |  1.0
Translocations | |  0.8

Action                   |  1- 3 |  4- 6 || total
-------------------------+-------+-------++-------
Melee: Dagger            |    10 |       ||    10
       Trident           |       |     6 ||     6
       Falchion          |       |     2 ||     2
 Cast: Magic Dart        |    46 |    69 ||   115
       Conjure Flame     |     1 |       ||     1
 Abil: Dig               |     1 |       ||     1
 Stab: Sleeping          |     1 |       ||     1
  Eat: Chunk             |       |     3 ||     3
Armor: Robe              |     5 |     2 ||     7
Dodge: Dodged            |    12 |    13 ||    25
       Rpst.: Falchion   |       |     2 ||     2
